 Dungeon Crawl Stone Soup version 0.27-a0-797-g27d10ad80f (webtiles) character file.

Game seed: 18023577391140748230

53 polve the Slasher (level 3, -1/29 HPs)
             Began as a Demonspawn Abyssal Knight on Mar 27, 2021.
             Was a Follower of Lugonu.
             Slain by a worm (7 damage)
             ... on level 2 of the Dungeon.
             The game lasted 00:01:21 (1649 turns).

polve the Slasher (Demonspawn Abyssal Knight)       Turns: 1649, Time: 00:01:22

Health: -1/29      AC:  5    Str: 12    XL:     3   Next: 62%
Magic:  4/4        EV: 10    Int: 14    God:    Lugonu [*.....]
Gold:   68         SH:  0    Dex: 12    Spells: 2/2 levels left

rFire    . . .     SeeInvis .   a - +1 falchion
rCold    . . .     Faith    .   (no shield)
rNeg     . . .     Spirit   .   g - +0 ring mail
rPois    .         Reflect  .   (no helmet)
rElec    .         Harm     .   (no cloak)
rCorr    .         Rampage  .   (no gloves)
Will     .....                  (no boots)
Stlth    +.........             (no amulet)
HPRegen  0.09/turn              (no ring)
MPRegen  0.09/turn              (no ring)

@: no status effects
A: demonic guardian 1
a: Renounce Religion, Depart the Abyss


You were on level 2 of the Dungeon.
You worshipped Lugonu.
Lugonu was aware of your devotion.
You visited 1 branch of the dungeon, and saw 2 of its levels.
You visited the Abyss 1 time.

You collected 68 gold pieces.

Inventory:

Hand Weapons
 a - a +1 falchion (weapon)
Armour
 b - a +1 pair of boots
 g - a +0 ring mail (worn)
Magical Staves
 d - a staff of air
Scrolls
 c - 3 scrolls of identify {unknown}
 e - a scroll of amnesia {unknown}
Potions
 f - a potion of mutation {unknown}


   Skills:
 - Level 3.0 Fighting
 + Level 3.7 Long Blades
 - Level 1.7 Armour
 - Level 0.8 Dodging
 - Level 2.4 Invocations


You had 2 spell levels left.
You didn't know any spells.
Your spell library was empty.

Dungeon Overview and Level Annotations

Branches:
Dungeon (2/15)

Altars:

Shops:
D:1 (?


Innate Abilities, Weirdness & Mutations

A weak demonic guardian rushes to your aid.


Message History

You hit the worm.
The worm is heavily wounded.
The worm barely misses you.
You riposte.
You hit the worm.
The worm is heavily wounded.
You hit the worm.
The worm is heavily wounded.
The worm bites you but does no damage.
You hit the worm.
The worm is heavily wounded.
You barely miss the worm.
The worm is heavily wounded.
The worm barely misses you.
You barely miss the worm.
The worm is heavily wounded.
The worm barely misses you.
You riposte.
You hit the worm.
The worm is heavily wounded.
You barely miss the worm.
The worm is heavily wounded.
You hit the worm.
The worm is severely wounded.
The worm bites you.
You hit the worm.
The worm is severely wounded.
You barely miss the worm.
The worm is severely wounded.
The worm bites you but does no damage.
You hit the worm.
The worm is almost dead.
The worm bites you.
* * * LOW HITPOINT WARNING * * *
A demonic guardian appears!
You hit the worm.
You kill the worm!
Lugonu accepts your kill.
You hit the worm.
The worm is lightly wounded.
You completely miss the worm.
The worm is lightly wounded.
The worm bites you!
You die...

##.# ..... #.##
#.## #..# ..
####.######.#
#...........#
.....##..######.
#### ##.###
#..5# ###@# #w#
#....# ##......#
.....## .......
...##.. ...# #
...#


You could see a worm (ally target) and a friendly quasit (summoned).

Vanquished Creatures
  An adder (D:2)
  2 worms (D:2)
  3 ball pythons
  3 endoplasms (D:1)
  A giant cockroach (D:1)
  4 goblins (D:1)
  4 hobgoblins
  4 jackals (D:1)
  A quokka (D:1)
  3 bats
  2 frilled lizards (D:1)
  2 kobolds
  2 rats (D:1)
32 creatures vanquished.

Vanquished Creatures (collateral kills)
  An endoplasm (D:1)
  A goblin (D:1)
  A kobold (D:1)
3 creatures vanquished.

Vanquished Creatures (others)
  An endoplasm (D:1)
  A bat (D:1)
  A plant (D:1)
3 creatures vanquished.

Grand Total: 38 creatures vanquished

Notes
Turn   | Place    | Note
-------+----------+-------------------------------------------
     0 | Abyss:1  | polve the Demonspawn Abyssal Knight began the quest for the
                  | Orb.
     0 | Abyss:1  | Reached XP level 1. HP: 18/18 MP: 2/2
    36 | Abyss:1  | Noticed a large abomination
    71 | Abyss:1  | Noticed a stone giant skeleton
    73 | D:1      | Escaped the Abyss
   147 | D:1      | Found Zidwig's Magic Scroll Shop.
   160 | D:1      | Reached * piety under Lugonu
   162 | D:1      | Gained mutation: A weak demonic guardian rushes to your
                  | aid. [demonic ancestry]
   162 | D:1      | Reached XP level 2. HP: 21/24 MP: 3/3
   361 | D:1      | Found Konn's Antique Weapon Shoppe.
   885 | D:1      | Reached XP level 3. HP: 28/29 MP: 4/4
  1010 | D:1      | Found Mapnil's Magic Scroll Boutique.
  1649 | D:2      | Slain by a worm

Illustrated notes

Levels and vault maps discovered:
D:1:      eino_arrival_druids_welcome, layout_loops_ring, serial_shops,
          nicolae_shop_temple_entry_statues_fountains, shop, shop, hex_medium,
          lemuel_old_faithful
D:2:      layout_rooms

Skill      XL: |  1  2 |
---------------+-------+-----
Long Blades    | 2 3 |  3.7
Fighting       | |  3.0
Armour         | |  1.7
Dodging        | |  0.8
Invocations    | |  2.4

Action                   || total
-------------------------++-------
Melee: Falchion          ||   110
Invok: Depart the Abyss  ||     1
 Stab: Sleeping          ||     2
Armor: Leather armour    ||    21
       Ring mail         ||     6
Dodge: Dodged            ||    59
       Rpst.: Falchion   ||    17

Table legend: (Time is in decaauts)
 A = Elapsed time spent in this place.
 B = Non-inter-level travel time spent in this place.
 C = Inter-level travel time spent in this place.
 D = Time resting spent in this place.
 E = Time spent auto-exploring this place.
 F = Levels seen in this place.
 G = Mean time per level.
                   A        B        C        D        E       F      G
               +--------+--------+--------+--------+--------+-----+--------+
         Total |   1667 |   1630 |     37 |      0 |   1329 |   3 |  555.7 |
       Dungeon |   1593 |   1556 |     37 |      0 |   1294 |   2 |  796.5 |
         Abyss |     74 |     74 |      0 |      0 |     35 |   1 |   74.0 |
               +--------+--------+--------+--------+--------+-----+--------+

Top non-repeatable levels by time:
     D:1: 1062 daAuts
     D:2: 531 daAuts
 Abyss:1: 74 daAuts
